 Dungeon Crawl Stone Soup version 0.30-a0-367-g839099abd5 (webtiles) character file.

Game seed: 15164689994288685610

87 Bnni the Shield-Bearer (level 4, -3/37 HPs)
             Began as a Formicid Fighter on Nov 18, 2022.
             Slain by Grinder (4 damage)
             ... on level 3 of the Dungeon.
             The game lasted 00:02:51 (1744 turns).

Bnni the Shield-Bearer (Formicid Fighter)           Turns: 1744, Time: 00:02:52

Health: -3/37      AC:  6    Str: 22    XL:     4   Next: 80%
Magic:  4/4        EV:  9    Int:  8    God:
Gold:   185        SH:  5    Dex: 13    Spells: 3/3 levels left

rFire   . . .      SeeInvis +    a - +0 trident
rCold   . . .      Faith    .    c - +0 buckler
rNeg    . . .      Spirit   .    b - +0 scale mail
rPois   .          Reflect  .    (helmet unavailable)
rElec   .          Harm     .    (no cloak)
rCorr   +          Rampage  .    (no gloves)
Will    .....                    (no boots)
Stlth   ..........               (no amulet)
HPRegen 0.26/turn                k - ring of resist corrosion
MPRegen 0.09/turn                (no ring)

@: no status effects
A: permanent stasis, dig shafts and tunnels, antennae 3, four strong arms
a: Dig, Shaft Self


You were on level 3 of the Dungeon.
You visited 1 branch of the dungeon, and saw 3 of its levels.

You collected 185 gold pieces.

Inventory:

Hand Weapons
 a - a +0 trident (weapon)
Missiles
 n - 2 poisoned darts
Armour
 b - a +0 scale mail (worn)
 c - a +0 buckler (worn)
Jewellery
 k - a ring of resist corrosion (left hand)
Scrolls
 e - 2 scrolls of vulnerability {unknown}
 f - 2 scrolls of noise {unknown}
 h - 2 scrolls of butterflies {unknown}
 i - 2 scrolls of teleportation {unknown}
 j - a scroll of poison {unknown}
 o - a scroll of immolation {unknown}
 p - a scroll of blinking {unknown}
 q - a scroll of fear {unknown}
Potions
 d - a potion of might
 g - a potion of curing {unknown}
 l - 2 potions of lignification {unknown}
 m - 2 potions of haste {unknown}


   Skills:
 + Level 4.0 Fighting
 * Level 3.5 Polearms
 - Level 3.2 Armour
 + Level 4.8 Shields


You had 3 spell levels left.
You didn't know any spells.
Your spell library contained the following spells:

 Spells                   Type           Power      Damage    Failure   Level
 Vhi's Electric Charge    Tloc/Air       0%         N/A       99%         3
 Arcjolt                  Conj/Air       0%         1d10      100%        5
 Maxwell's Capacitive Co  Air            0%         ∞         100%        8


Dungeon Overview and Level Annotations

Branches:
Dungeon (3/15)

Altars:

Shops:
D:1 =

Annotations:
D:3 Grinder


Innate Abilities, Weirdness & Mutations

You cannot be hasted, slowed, berserked, paralysed or teleported.
You can dig through walls and to a lower floor.
You have a pair of large antennae on your head. (SInv)
Your four strong arms can wield two-handed weapons with a shield.


Message History

Grinder gestures at you.
Your stasis prevents you from being paralysed.
You closely miss Grinder.
Grinder is heavily wounded.
Grinder hits you.
You barely miss Grinder.
Grinder is heavily wounded.
Grinder hits you.
You writhe in agony.
Grinder gestures at you.
Your stasis prevents you from being paralysed.
You are too injured to fight recklessly!
You are too injured to fight recklessly!
You are too injured to fight recklessly!
You are too injured to fight recklessly!
Throw: 4 darts (poison)
Press: ? - help, Shift-Dir - straight line, f - Grinder
Aim: Grinder (heavily wounded, 55% to hit)
You throw a poisoned dart. The poisoned dart hits Grinder.
Grinder is heavily wounded.
Grinder hits you but does no damage.
Unknown command.
You hit Grinder.
Grinder is heavily wounded.
Grinder hits you.
* * * LOW HITPOINT WARNING * * *
You writhe in agony.
* * * LOW HITPOINT WARNING * * *
You barely miss Grinder.
Grinder is heavily wounded.
Grinder hits you!
* * * LOW HITPOINT WARNING * * *
You writhe in agony.
* * * LOW HITPOINT WARNING * * *
Throw: 3 darts (poison)
Press: ? - help, Shift-Dir - straight line, f/p - Grinder
Aim: Grinder (heavily wounded, 55% to hit)
You throw a poisoned dart. The poisoned dart hits Grinder.
Grinder is heavily wounded.
Grinder hits you.
You die...

#.. #.♣ #.♣ { # #
#.♣♣ .# #. #..♣♣ .#
#.###...♣♣ #.#
...#....♣♣ ..#
#.#.....♣♣♣♣♣♣).#.#
#...###......@5...#
####..##
###########.#
#.....#
#'############
..............
......########
......# ......#
......#


You could see Grinder.

Vanquished Creatures
  Robin (D:3)
  2 worms
  2 dart slugs
  7 bats
  3 endoplasms (D:1)
  A giant cockroach (D:1)
  9 goblins
  10 hobgoblins
  2 jackals (D:2)
  4 quokkas
  7 ball pythons
  A frilled lizard (D:1)
  5 kobolds
  3 rats
57 creatures vanquished.

Notes
Turn   | Place    | Note
-------+----------+-------------------------------------------
     0 | D:1      | Bnni the Formicid Fighter began the quest for the Orb.
     0 | D:1      | Reached XP level 1. HP: 18/18 MP: 1/1
    39 | D:1      | Found Domoll's Jewellery Shop.
    65 | D:1      | Reached XP level 2. HP: 20/24 MP: 2/2
   305 | D:1      | Reached XP level 3. HP: 29/29 MP: 3/3
   824 | D:2      | You fall into a shaft and drop 1 floor!
   846 | D:3      | Reached XP level 4. HP: 28/37 MP: 4/4
   878 | D:3      | Noticed Robin
   888 | D:3      | Killed Robin
  1726 | D:3      | Noticed Grinder
  1743 | D:3      | HP: 1/37 [Grinder (1)]
  1744 | D:3      | Slain by Grinder

Illustrated notes

Levels and vault maps discovered:
D:1:      erik_arrival_triangle_small, layout_basic, serial_shops,
          nicolae_shop_statue_plus
D:2:      layout_basic
D:3:      layout_basic, mainiacjoe_overflow_boulevard,
          dilly_ecumenical_altar_fadedgnrine, st_stairs_14, uniq_grinder,
          uniq_robin

Skill      XL: |  1  2  3  4 |
---------------+-------------+-----
Polearms       | 3 |  3.5
Fighting       | 4 |  4.0
Armour         | |  3.2
Shields        | |  4.8

Action                   |  1- 3 |  4- 6 || total
-------------------------+-------+-------++-------
Melee: Trident           |   102 |    81 ||   183
Throw: Dart              |       |     2 ||     2
 Stab: Distracted        |       |     1 ||     1
Armor: Scale mail        |    40 |    20 ||    60
Dodge: Dodged            |    46 |    34 ||    80
Block: Buckler           |    20 |    12 ||    32

Table legend: (Time is in decaauts)
 A = Elapsed time spent in this place.
 B = Non-inter-level travel time spent in this place.
 C = Inter-level travel time spent in this place.
 D = Time resting spent in this place.
 E = Time spent auto-exploring this place.
 F = Levels seen in this place.
 G = Mean time per level.
                   A        B        C        D        E       F      G
               +--------+--------+--------+--------+--------+-----+--------+
         Total |   1775 |   1717 |     58 |     32 |   1299 |   3 |  591.7 |
       Dungeon |   1775 |   1717 |     58 |     32 |   1299 |   3 |  591.7 |
               +--------+--------+--------+--------+--------+-----+--------+

Top non-repeatable levels by time:
     D:2: 794 daAuts
     D:1: 668 daAuts
     D:3: 313 daAuts
